 Dungeon Crawl Stone Soup version 0.24.0-123-gd5b16e6ec5 (webtiles) character file.

Game seed: 5802904786514373833, levelgen mode: deterministic

32 Bergy the Cudgeler (level 3, -1/23 HPs)
             Began as a Gargoyle Fighter on Dec 28, 2019.
             Slain by an adder (3 damage)
             ... on level 1 of the Dungeon.
             The game lasted 00:03:08 (840 turns).

Bergy the Cudgeler (Gargoyle Fighter)                Turns: 840, Time: 00:03:08

Health: -1/23      AC: 10    Str: 20    XL:     3   Next: 25%
Magic:  3/3        EV:  7    Int:  8    God:
Gold:   46         SH:  9    Dex:  9    Spells: 2/2 levels left

rFire    . . .     SeeInvis .   a - +0 flail
rCold    . . .     Gourm    .   c - +0 shield
rNeg     + . .     Faith    .   b - +0 scale mail
rPois    ∞         Spirit   .   (no helmet)
rElec    +         Reflect  .   (no cloak)
rCorr    .         Harm     .   (no gloves)
MR       .....                  (no boots)
Stlth    ..........             (no amulet)
HPRegen  0.07/turn              (no ring)
MPRegen  0.08/turn              (no ring)

@: no status effects
A: negative energy resistance 1, electricity resistance, unbreathing,
petrification resistance, rot immunity, AC +3
a: no special abilities


You were on level 1 of the Dungeon.
You were not hungry.

You visited 1 branch of the dungeon, and saw 2 of its levels.

You collected 46 gold pieces.

Inventory:

Hand Weapons
 a - a +0 flail (weapon)
Armour
 b - a +0 scale mail (worn)
 c - a +0 shield (worn)
 e - a cursed +0 helmet
Jewellery
 i - a cursed ring of teleportation {unknown}
Scrolls
 g - a scroll of fear {unknown}
 h - 2 scrolls of remove curse {unknown}
 j - 2 scrolls of identify {unknown}
Potions
 d - 2 potions of might
 l - a potion of haste {unknown}
Comestibles
 f - 3 rations


   Skills:
 - Level 3.2 Fighting
 * Level 3.6 Maces & Flails
 - Level 3.2 Armour
 - Level 3.2 Shields


You had 2 spell levels left.
You didn't know any spells.
Your spell library was empty.

Dungeon Overview and Level Annotations

Branches:
Dungeon (2/15)

Altars:
Ashenzari
Xom

Annotations:
D:2 Jessica


Innate Abilities, Weirdness & Mutations

You are resistant to torment.
Your stone body is resilient. (AC +3)
You are immune to poison.
You resist negative energy. (rN+)
You are resistant to electric shocks. (rElec)
You can survive without breathing.
You are immune to petrification.
You are immune to rotting.


Message History

You block the rat's attack. The adder bites you but does no damage.
The goblin barely misses you. The rat barely misses you.
You barely miss the goblin.
The goblin is moderately wounded.
The adder closely misses you. The goblin hits you.
* * * LOW HITPOINT WARNING * * *
You block the rat's attack. You block the adder's attack.
You barely miss the goblin.
The goblin is moderately wounded.
The goblin hits you but does no damage. The adder bites you but does no damage.
The rat bites you but does no damage. You block the goblin's attack.
You barely miss the goblin.
The goblin is moderately wounded.
The adder bites you but does no damage. The rat closely misses you.
The adder bites you but does no damage. The goblin hits you but does no damage.
You closely miss the goblin.
The goblin is moderately wounded.
The adder bites you but does no damage. The rat barely misses you.
You block the goblin's attack. The adder bites you.
You die...

#..#
#.................
##.#
########...#######
#.# ###).## #.#
#..)(.## #.####
##.###..## #....##
#..# ##..## #.....##
#.## ##..## #..PPr)#
#.# ##..# #...PS@#
#.# ##.## ##...g##
#.# #..# ##...# #.#
##.# #.#.## #.# #..
#....# #.# ###
####.# ##.# ###
#.###..#########..
#...#.###.........
#####.#.##..........


You could see an adder, a goblin and a rat.

Vanquished Creatures
  An ooze (D:1)
  A leopard gecko (D:1)
  A bat (D:1)
  3 giant cockroaches (D:1)
  3 goblins (D:1)
  6 hobgoblins (D:1)
  2 frilled lizards (D:1)
  5 kobolds (D:1)
22 creatures vanquished.

Notes
Turn   | Place    | Note
-------+----------+-------------------------------------------
     0 | D:1      | Bergy the Gargoyle Fighter began the quest for the Orb.
     0 | D:1      | Reached XP level 1. HP: 14/14 MP: 1/1
    59 | D:1      | Reached XP level 2. HP: 13/19 MP: 2/2
   461 | D:1      | Found a shattered altar of Ashenzari.
   611 | D:1      | Reached XP level 3. HP: 22/23 MP: 3/3
   810 | D:2      | Found a shimmering altar of Xom.
   810 | D:2      | Noticed Jessica
   840 | D:1      | Slain by an adder

Levels and vault maps discovered:
D:1:      psy_arrival_basics, layout_rooms, kennysheep_crisscross,
          serial_park_tiny_1, nrook_mini_vaults, chequers_hall_statues_y,
          ashenzari_altar_1
D:2:      layout_rooms, nicolae_overflow_hidden_temple, old_standard_altar,
          overflow_temple_1_default, uniq_jessica

Skill      XL: |  1  2 |
---------------+-------+-----
Maces & Flails | 3 |  3.6
Fighting       | |  3.2
Armour         | |  3.2
Shields        | |  3.2

Action                   || total
-------------------------++-------
Melee: Flail             ||    95
Armor: Scale mail        ||    91
Dodge: Dodged            ||    55
Block: Shield            ||    80
